 Dungeon Crawl Stone Soup version 0.28.0-43-g3370ac3207 (webtiles) character file.

Game seed: 1246791669695855951

9779 themarg the Zephyrmancer (level 11, -21/66 HPs)
             Began as a Tengu Air Elementalist on Mar 6, 2022.
             Was a Priest of Vehumet.
             Hit by a large rock thrown by a stone giant (50 damage)
             ... on level 10 of the Dungeon on Mar 7, 2022.
             The game lasted 00:59:27 (15994 turns).

themarg the Zephyrmancer (Tengu Air Elementalist)  Turns: 15994, Time: 00:59:28

Health: -21/66     AC:  2    Str:  8    XL:     11   Next: 51%
Magic:  26/26      EV: 16    Int: 26    God:    Vehumet [***...]
Gold:   387        SH:  0    Dex: 19    Spells: 9/30 levels left

rFire   . . .      SeeInvis .   j - +2 dagger (drain)
rCold   . . .      Faith    .   (no shield)
rNeg    . . .      Spirit   .   p - +0 robe of Geridgh {Dex+4}
rPois   .          Reflect  .   (helmet restricted)
rElec   .          Harm     .   (no cloak)
rCorr   .          Rampage  .   (no gloves)
Will    .....                   (boots unavailable)
Stlth   +++.......              H - amulet of magic regeneration
HPRegen 0.21/turn               n - +6 ring of intelligence
MPRegen 0.60/turn               (no ring)

@: flying quickly and evasively, quick
A: beak, talons 3, nimble flight
a: Renounce Religion


You were on level 10 of the Dungeon.
You worshipped Vehumet.
Vehumet was most pleased with you.
You visited 2 branches of the dungeon, and saw 11 of its levels.
You also visited: Bailey.

You collected 507 gold pieces.
You spent 120 gold pieces at shops.

Inventory:

Hand Weapons
 d - a +1 dagger of venom
 j - a +2 dagger of draining (weapon)
Missiles
 b - 306 stones
 r - 2 throwing nets
 u - 23 poisoned darts
 z - 5 silver boomerangs
Armour
 p - the +0 robe of Geridgh (worn) {Dex+4}
   (You found it on level 4 of the Dungeon)

   Dex:       It affects your dexterity (+4).
Jewellery
 n - a +6 ring of intelligence (left hand)
 H - an amulet of magic regeneration (around neck)
 I - a ring of poison resistance
Wands
 m - a wand of digging (5)
 s - a wand of iceblast (1)
 w - a wand of flame (36)
 D - a wand of acid (7)
 F - a wand of mindburst (12)
Scrolls
 c - 6 scrolls of fog
 e - 5 scrolls of enchant weapon
 k - a scroll of amnesia
 q - 2 scrolls of identify
 v - 2 scrolls of magic mapping
 y - a scroll of enchant armour
 C - 2 scrolls of fear
 E - a scroll of acquirement {unknown}
 G - a scroll of noise {unknown}
Potions
 a - 3 potions of curing
 f - 2 potions of mutation
 g - a potion of berserk rage {unknown}
 h - a potion of might
 i - 4 potions of heal wounds
 l - 2 potions of brilliance
 o - a potion of lignification {unknown}
 t - 2 potions of ambrosia {unknown}
 x - a potion of haste {unknown}
 A - a potion of resistance {unknown}
 B - 4 potions of invisibility {unknown}


   Skills:
 * Level 6.9 Fighting
 + Level 1.9 Short Blades
 + Level 3.3 Dodging
 + Level 3.4 Stealth
 + Level 10.4 Spellcasting
 + Level 6.0 Conjurations
 + Level 13.8 Air Magic


You had 9 spell levels left.
You knew the following spells:

 Your Spells              Type           Power      Damage    Failure   Level
a - Shock                 Conj/Air       100%       1d9       1%          1
b - Static Discharge      Conj/Air       60%        N/A       1%          2
c - Airstrike             Air            36%        N/A       1%          4
d - Swiftness             Air            72%        N/A       1%          3
e - Iskenderun's Battles  Conj           45%        2d10      2%          5
f - Conjure Ball Lightni  Conj/Air       30%        3x3d10    3%          6

Your spell library contained the following spells:

 Spells                   Type           Power      Damage    Failure   Level
 Dazzling Flash           Conj/Hex       58%        N/A       1%          3
 Sticky Flame             Conj/Fire      29%        2d5       3%          4
 Summon Small Mammal      Summ           52%        N/A       4%          1
 Ensorcelled Hibernation  Hex/Ice        26%        N/A       7%          2
 Fireball                 Conj/Fire      14%        3d8       10%         5
 Irradiate                Conj/Tmut      14%        3d18      10%         5
 Call Canine Familiar     Summ           13%        N/A       13%         3
 Spider Form              Tmut/Pois      13%        N/A       13%         3
 Summon Guardian Golem    Hex/Summ       13%        N/A       13%         3
 Anguish                  Hex/Necr       6%         N/A       41%         4
 Dispel Undead            Necr           13%        3d9       41%         4
 Orb of Destruction       Conj           22%        9d8       58%         7
 Blade Hands              Tmut           6%         N/A       77%         5
 Spellforged Servitor     Conj/Summ      14%        N/A       92%         7
 Dragon Form              Tmut           6%         N/A       100%        7


Dungeon Overview and Level Annotations

Branches:
Dungeon (10/15)            Temple (1/1) D:6          Bailey (visited)
   Lair: D:8-11         Orc: D:9-12

Altars:
Ashenzari
Cheibriados
Dithmenos
Elyvilon
Fedhas
Gozag
Hepliaklqana
Kikubaaqudgha
Makhleb
Nemelex Xobeh
Okawaru
Qazlal
Ru
Sif Muna
Trog
Uskayaw
Vehumet
Wu Jian
Xom
Yredelemnul
Zin
The Shining One

Shops:
D:2 !   D:9 (

Annotations:
D:6 1 runed translucent door, Jase's ghost, novice PaFi


Innate Abilities, Weirdness & Mutations

You have a beak for a mouth.
You have claws for feet.
Your magical nature lets you fly swiftly and evasively.


Message History

Press: ? - help, Dir - move target, f/p - ettin
Aim: an ettin, wielding two +0 dire flails (almost dead, empty space bonus: 6/8)
The air twists around and strikes the ettin!
You kill the ettin!
Vehumet accepts your kill.
Things that are here:
a +0 dire flail; a +0 dire flail; an ettin corpse
There is a stone staircase leading up here.
You fly upwards.
There is a stone staircase leading down here.
You start resting.
Magic restored.
You fly downwards.
There is a stone staircase leading up here.
Found a scroll of identify.
You see here 11 bolts.
Found 14 gold pieces.
Found 23 stones.
A centaur zombie comes into view.
The centaur zombie moves out of view.
q - 2 scrolls of identify (gained 1)
Found a stone staircase leading up.
You now have 387 gold pieces (gained 14).
A stone giant comes into view.
Casting: Airstrike (safe; 1% risk of failure)
Confirm with . or Enter, or press ? or * to list all spells.
Aiming: Airstrike (safe; 1% risk of failure)
Press: ? - help, Dir - move target, f - stone giant
Aim: a stone giant, quivering large rocks (wandering, hasn't noticed you, empty space bonus: 8/8)
The air twists around and strikes the stone giant!
The stone giant shouts!
The stone giant is lightly wounded.
The stone giant throws a large rock.
The large rock hits you!!!
Ouch! That really hurt!
Found 23 arrows.
The stone giant throws a large rock.
The large rock barely misses you.
There is a stone staircase leading up here.
The stone giant throws a large rock.
The large rock hits you!!!
Ouch! That really hurt!
You die...

.....##..#.#.................###
)...........................##.##
...##.......................##..#
..###...[........#...##.........#
................##..####........#
>.....>..[.[.....#.C........##.##
........#..........#(..#########
.......#####..#.....####
.......########)@#....#
........##.##....#...##
.................#...#
..###.......##########
...##.###.###.##
..###......##..##
....#...........#
..............###
......#.......###


You could see a stone giant.

Vanquished Creatures
  An ettin (D:10)
  A komodo dragon (D:10)
  Maggie (D:8)
  2 trolls (D:9)
  Prince Ribbit (D:8)
  2 wraiths
  16 yaks
  A wyvern (D:8)
  2 water moccasins
  3 sky beasts
  2 ice beasts (D:6)
  7 orc warriors
  A necrophage (D:7)
  A black bear (D:10)
  6 centaurs
  An ogre (D:5)
  A phantom (D:5)
  2 kobold brigands
  3 bullfrogs
  Blork the orc (D:4)
  5 scorpions
  3 water moccasin zombies
  9 killer bees
  4 howler monkeys
  13 wights
  5 bullfrog zombies
  A centaur zombie (D:6)
  A jelly (D:6)
  4 hounds
  2 orc priests (D:8)
  4 bullfrog skeletons
  4 centaur skeletons
  A gnoll shaman (D:5)
  Natasha (thrice) (D:2)
  3 iguanas
  3 orc wizards
  Ijyb (D:3)
  A killer bee zombie (D:7)
  A howler monkey skeleton (D:6)
  2 howler monkey zombies
  8 gnolls
  5 adders
  3 white imps
  2 worms (D:2)
  3 dart slugs
  14 orcs
  9 endoplasms
  2 giant cockroaches
  2 hobgoblins
  3 jackals (D:3)
  28 kobolds
  4 quokkas
  7 ball pythons
  5 bats
  4 frilled lizards
  14 goblins
  4 rats
242 creatures vanquished.

Vanquished Creatures (others)
  18 fungi (D:10)
  16 plants (D:10)
  7 withered plants (D:6)
41 creatures vanquished.

Grand Total: 283 creatures vanquished

Notes
Turn   | Place    | Note
-------+----------+-------------------------------------------
     0 | D:1      | themarg the Tengu Air Elementalist began the quest for the
                  | Orb.
     0 | D:1      | Reached XP level 1. HP: 10/10 MP: 4/4
   334 | D:1      | Reached XP level 2. HP: 15/15 MP: 4/6
   589 | D:1      | Reached XP level 3. HP: 19/19 MP: 2/7
  1142 | D:2      | Noticed Natasha
  1148 | D:1      | Learned a level 2 spell: Static Discharge
  1203 | D:2      | Found Zeresm's Distillery.
  1845 | D:2      | Killed Natasha
  1846 | D:2      | Reached skill level 5 in Air Magic
  1846 | D:2      | Reached XP level 4. HP: 24/24 MP: 1/9
  2281 | D:2      | Noticed Natasha
  2287 | D:2      | Killed Natasha
  2288 | D:2      | Gained mutation: Your magical nature lets you fly swiftly
                  | and evasively. [Tengu growth]
  2288 | D:2      | Reached XP level 5. HP: 12/28 MP: 2/10
  2379 | D:2      | Noticed Natasha
  2471 | D:2      | Killed Natasha
  2902 | D:3      | Noticed Ijyb
  2921 | D:3      | Paralysed by Ijyb for 4 turns
  3112 | D:3      | Found a faded altar of an unknown god.
  3176 | D:3      | Noticed a water moccasin
  3186 | D:3      | Killed a water moccasin
  3186 | D:3      | HP: 1/28 [poisoned by a water moccasin]
  3187 | D:3      | Reached skill level 6 in Air Magic
  3187 | D:3      | Reached XP level 6. HP: 2/32 MP: 1/12
  3716 | D:3      | Killed Ijyb
  3991 | D:4      | Noticed Blork the orc
  4417 | D:4      | Reached XP level 7. HP: 34/36 MP: 7/14
  4817 | D:4      | Identified the +0 robe of Geridgh {Dex+4}
  4928 | D:4      | Killed Blork the orc
  5022 | D:2      | Bought a potion of curing for 36 gold pieces
  5022 | D:2      | Bought a potion of curing for 36 gold pieces
  5022 | D:2      | Bought a potion of brilliance for 48 gold pieces
  5074 | D:5      | Entered Level 5 of the Dungeon
  5124 | D:5      | Learned a level 4 spell: Airstrike
  5376 | D:5      | Reached skill level 1 in Fighting
  5376 | D:5      | Reached skill level 5 in Conjurations
  5376 | D:5      | Reached skill level 7 in Air Magic
  5588 | D:5      | Reached XP level 8. HP: 44/44 MP: 10/16
  6101 | D:5      | Reached skill level 8 in Air Magic
  6184 | D:5      | Reached skill level 5 in Spellcasting
  6752 | D:5      | Learned a level 3 spell: Swiftness
  7081 | D:6      | Reached skill level 1 in Short Blades
  7171 | D:6      | Reached skill level 9 in Air Magic
  7241 | D:6      | Reached XP level 9. HP: 51/51 MP: 1/19
  8212 | D:6      | Found a runed translucent door.
  8214 | D:6      | Noticed Jase's ghost (novice PaFi)
  8413 | D:6      | Found a staircase to the Ecumenical Temple.
  8427 | Temple   | Entered the Ecumenical Temple
  8651 | Temple   | Became a worshipper of Vehumet
  9215 | D:7      | Reached skill level 10 in Air Magic
  9888 | D:7      | Found a stormy altar of Qazlal.
  9932 | D:7      | Reached * piety under Vehumet
  9932 | D:7      | Offered knowledge of Foxfire by Vehumet.
  9933 | D:7      | Reached skill level 5 in Fighting
 10279 | D:7      | Reached XP level 10. HP: 57/57 MP: 17/22
 10329 | D:7      | Reached skill level 11 in Air Magic
 10792 | D:8      | Noticed Maggie
 10811 | D:8      | Noticed Prince Ribbit
 10815 | D:8      | Killed Prince Ribbit
 10960 | D:8      | Found a flagged portal.
 11200 | Bailey   | Entered a bailey
 11232 | Bailey   | Noticed an orc warlord
 11940 | Bailey   | Found a runed translucent gate.
 11942 | Bailey   | Found a runed translucent gate.
 11944 | Bailey   | Found a runed translucent gate.
 12044 | D:8      | Reached ** piety under Vehumet
 12050 | D:8      | Offered knowledge of Magic Dart by Vehumet.
 12430 | D:8      | Killed Maggie
 12840 | D:9      | Reached skill level 12 in Air Magic
 13971 | D:9      | Found Nietidil's Antique Weapon Shop.
 14048 | D:9      | Reached XP level 11. HP: 48/64 MP: 11/25
 14368 | D:10     | Entered Level 10 of the Dungeon
 14510 | D:10     | Offered knowledge of Dazzling Flash by Vehumet.
 14516 | D:10     | Reached skill level 13 in Air Magic
 15239 | D:10     | Reached skill level 10 in Spellcasting
 15260 | D:10     | Reached *** piety under Vehumet
 15802 | D:10     | Learned a level 5 spell: Iskenderun's Battlesphere
 15809 | D:10     | Learned a level 6 spell: Conjure Ball Lightning
 15906 | D:10     | Noticed a yaktaur captain
 15918 | D:10     | Noticed an ettin
 15924 | D:10     | Killed an ettin
 15979 | D:10     | Noticed a stone giant
 15994 | D:10     | Hit by a large rock thrown by a stone giant

Illustrated notes

Levels and vault maps discovered:
D:1:      dpeg_arrival_rooms_a, layout_loops_cross, minmay_misc_feat_enclosed
D:2:      layout_loops_cross, serial_shops, shop, uniq_natasha
D:3:      layout_basic, shapermc_ecumenical_altar_pompeii, glass_columns_a,
          amethyst_killhole, uniq_ijyb
D:4:      layout_basic, kennysheep_generic_room_14, uniq_blork_the_orc
D:5:      layout_basic, minmay_misc_feat_tower
D:6:      layout_rooms, minmay_temple_entry_offerings,
          ebering_ghost_reflecting_pool, serial_undead, serial_undead_b,
          serial_undead_c, serial_undead_d, serial_undead_c, serial_undead_b,
          serial_undead_a, grunt_ministairs_8
D:7:      layout_loops_ring, grunt_qazlal_sundering
D:8:      layout_basic, enter_bailey_5, uniq_prince_ribbit1, uniq_maggie
D:9:      layout_irregular_city, serial_shops, shop
D:10:     minmay_the_grid_4x2 [minmay_the_grid_eight, minmay_the_grid_plusring,
          minmay_the_grid_doors, minmay_the_grid_tree, minmay_the_grid_tri_star,
          minmay_the_grid_embedded, minmay_the_grid_slots,
          minmay_the_grid_prize_diamond_cup], layout_cave_pools,
          grunt_lair_entry_orc_guard_hut, uniq_harold
Temple:   kilobyte_greek_temple

Skill      XL: |  1  2  3  4  5  6  7  8  9 10 11 |
---------------+----------------------------------+-----
Conjurations   | 2 3 4 5 6 |  6.0
Air Magic      | 5 6 7 9 10 12 13 | 13.8
Spellcasting   | 3 4 6 7 9 10 | 10.4
Stealth        | 3 |  3.4
Fighting       | 1 3 5 6 |  6.9
Dodging        | 3 |  3.3
Short Blades   | 1 |  1.9

Action                   |  1- 3 |  4- 6 |  7- 9 | 10-12 || total
-------------------------+-------+-------+-------+-------++-------
Melee: Dagger            |    18 |    15 |    52 |    48 ||   133
       Kick              |     3 |     2 |    16 |    16 ||    37
       Peck              |     2 |     2 |    10 |    10 ||    24
       Punch             |       |     1 |       |     1 ||     2
 Cast: Shock             |    62 |    59 |    56 |     7 ||   184
       Static Discharge  |       |    16 |    15 |    27 ||    58
       Airstrike         |       |       |   100 |   151 ||   251
  Use: Potion            |       |     2 |     1 |       ||     3
       Scroll            |       |     1 |     3 |     4 ||     8
Armor: Robe              |     2 |     3 |     4 |     9 ||    18
Dodge: Dodged            |     5 |    20 |    45 |    75 ||   145
